 Dungeon Crawl Stone Soup version 0.27.1-4-g1640c2035a (webtiles) character file.

Game seed: 12965889251131182424

18 Gabide the Charlatan (level 2, 0/21 HPs)
             Began as a Human Artificer on Nov 4, 2021.
             Succumbed to an adder's poison
             ... on level 2 of the Dungeon.
             The game lasted 00:02:18 (1222 turns).

Gabide the Charlatan (Human Artificer)              Turns: 1222, Time: 00:02:20

Health: 0/21       AC:  3    Str: 12    XL:     2   Next: 90%
Magic:  11/11      EV: 12    Int: 11    God:
Gold:   11         SH:  0    Dex: 19    Spells: 1/1 levels left

rFire    . . .     SeeInvis .   f - +0 mace
rCold    . . .     Faith    .   (no shield)
rNeg     . . .     Spirit   .   b - +0 leather armour
rPois    .         Reflect  .   (no helmet)
rElec    .         Harm     .   (no cloak)
rCorr    .         Rampage  .   (no gloves)
Will     .....                  (no boots)
Stlth    ++........             (no amulet)
HPRegen  0.07/turn              g - +6 ring of dexterity
MPRegen  0.12/turn              k - ring of magical power

@: lethally poisoned (0 -> -9)
A: no striking features
a: no special abilities


You were on level 2 of the Dungeon.
You visited 1 branch of the dungeon, and saw 2 of its levels.

You collected 11 gold pieces.

Inventory:

Hand Weapons
 f - a +0 mace (weapon)
Armour
 b - a +0 leather armour (worn)
Jewellery
 g - a +6 ring of dexterity (left hand)
 k - a ring of magical power (right hand)
Wands
 c - a wand of flame (8) (quivered)
 d - a wand of charming (15)
Scrolls
 h - a scroll of vulnerability {unknown}
 i - a scroll of identify {unknown}
Potions
 a - a potion of heal wounds {unknown}
 j - a potion of attraction {unknown}
Miscellaneous
 e - a piece from Xom's chessboard (15/15)


   Skills:
 + Level 1.1 Fighting
 + Level 0.1 Maces & Flails
 + Level 2.1 Armour
 * Level 1.5 Dodging
 - Level 1.0 Stealth
 + Level 3.4 Evocations


You had one spell level left.
You didn't know any spells.
Your spell library was empty.

Dungeon Overview and Level Annotations

Branches:
Dungeon (1/15)

Altars:


Message History

An adder comes into view.
The adder hisses angrily.
The rat bites you.
You barely miss the rat. The rat bites you but does no damage.
You closely miss the adder. The adder barely misses you. The rat bites you.
The adder barely misses you. The rat bites you but does no damage.
You closely miss the adder. The adder barely misses you.
The rat barely misses you. The adder bites you.
You closely miss the adder. The adder bites you.
You are poisoned.
The adder poisons you! The rat closely misses you. The adder bites you.
You miss the adder.
You feel sick. The rat barely misses you. The adder bites you.
The rat closely misses you.
You barely miss the adder.
You feel sick. The adder misses you. The rat bites you.
The adder closely misses you.
You are too injured to fight recklessly!
You are too injured to fight recklessly!
You are too injured to fight recklessly!
You are too injured to fight recklessly!
You are too injured to fight recklessly!
You are too injured to fight recklessly!
You are too injured to fight recklessly!
You are too injured to fight recklessly!
Aiming: Throw Flame
Press: ? - help, Q - select action, (/) - cycle Shift-Dir - straight line, f - adder
Aim: an adder (53% to hit)
The puff of flame hits the adder!
The adder is severely wounded.
You feel sick. The adder bites you.
* * * LOW HITPOINT WARNING * * *
You are lethally poisoned!
The adder poisons you! The rat bites you.
* * * LOW HITPOINT WARNING * * *
The adder closely misses you.
Aiming: Throw Flame
Press: ? - help, Q - select action, (/) - cycle Shift-Dir - straight line, f/p - adder
Aim: an adder (severely wounded, 53% to hit)
The puff of flame hits the adder.
You kill the adder!
You die...

#..###. #...... #.
#..... #. #.....
###.#####..#.#
...........#.#
#..#.###.#r####
####........@....#
..............##.#
........#######
####.##.# # #.#
#.# #.# #.# #.#
#.#


You could see a rat.

Vanquished Creatures
  An adder (D:2)
  A worm (D:2)
  3 bats
  2 giant cockroaches (D:2)
  A goblin (D:2)
  2 hobgoblins
  A quokka (D:1)
  A ball python (D:1)
  A frilled lizard (D:1)
  2 kobolds
  A rat (D:2)
16 creatures vanquished.

Notes
Turn   | Place    | Note
-------+----------+-------------------------------------------
     0 | D:1      | Gabide the Human Artificer began the quest for the Orb.
     0 | D:1      | Reached XP level 1. HP: 15/15 MP: 1/1
   303 | D:1      | Reached XP level 2. HP: 16/21 MP: 2/2
   450 | D:1      | You fall into a shaft and drop 1 floor!
  1222 | D:2      | Succumbed to an adder's poison

Illustrated notes

Levels and vault maps discovered:
D:1:      amcnicky_arrival_single_pillar, layout_basic
D:2:      layout_loops_ring, serial_shops, shop_statue,
          minmay_fractal_squares_gapless_5

Action                   || total
-------------------------++-------
Melee: Club              ||    16
       Mace              ||    46
Evoke: Wand              ||     7
 Stab: Sleeping          ||     1
Armor: Leather armour    ||    31
Dodge: Dodged            ||    76
